Map: King Sejong Station LE

Players

Gracz - Winner!

  • Race: Terran Terran
  • League: Silver

BAITme

  • Race: Terran Terran

VOD

Have the link to the VOD?

Description

Time

  • Played on: Oct. 18, 2016, 1:03 p.m.
  • Length: 28:51
Show
View Real Time Build Order
Export as new Build Order

Gracz Terran - Winner!

Build Orders: 1/1/1, MMM Bio 

Get SALT Encoding   

  12  0:00  SCV  
  13  0:20  Supply Depot, Refinery  
  13  0:23  SCV  
  14  0:38  SCV  
  15  0:45  Barracks  
  15  0:52  SCV  
  16  1:00  Refinery  
  16  1:04  SCV  
  17  1:16  SCV  
  18  1:28  SCV  
  19  1:34  Factory  
  19  1:37  Supply Depot  
  19  1:40  SCV, Reaper  
  21  1:55  SCV  
  22  2:07  SCV  
  23  2:13  Barracks Tech Lab  
  23  2:19  Factory Reactor  
  23  2:22  Starport  
  23  2:32  Barracks  
  23  2:34  Orbital Command  
  23  3:13  Barracks  
  23  3:21  Barracks Tech Lab  
  23  3:23  Barracks  
  22  3:38  Factory Tech Lab, Command Center  
  22  3:59  SCV  
  22  4:02  Engineering Bay  
  23  4:11  SCV  
  23  4:14  Supply Depot  
  24  4:17  Siege Tank  
  24  4:23  SCV  
  28  4:25  Barracks Reactor  
  28  4:26  Barracks Reactor  
  39  4:31  Medivac  
  28  4:35  Medivac  
  28  4:36  SCV  
  33  4:45  Supply Depot  
  33  4:47  Supply Depot  
  33  4:56  Hellion  
  35  5:00  Terran Infantry Weapons Level 1  
  35  5:04  Combat Shields, Stimpack  
  35  5:14  Engineering Bay  
  35  5:17  Supply Depot  
  35  5:23  Hellion  
  35  5:24  Medivac  
  35  5:27  Marine  
  40  5:37  SCV x2  
  42  5:49  Terran Infantry Armor Level 1, SCV  
  40  6:03  Medivac x2  
  44  6:04  Marine  
  44  6:05  Marine x5  
  50  6:18  Refinery, Orbital Command  
  50  6:19  SCV  
  51  6:31  SCV  
  52  6:33  Marine x2  
  52  6:34  Marauder  
  52  6:39  Concussive Shells  
  56  6:40  Marine x2  
  58  6:50  Marine x2  
  60  6:55  Marauder  
  60  6:58  Marine  
  59  7:24  Marine x6  
  65  7:34  SCV x2  
  67  7:40  Liberator  
  67  7:42  Marine x5  
  72  7:46  SCV  
  76  8:04  Siege Tank  
  79  8:07  Marauder  
  79  8:08  Marauder  
  37  9:50  Medivac x2  
  43  9:53  Marine, Marauder x2  
  43  9:54  Marine x3, Command Center  
  43  9:56  SCV  
  50  10:01  SCV  
  50  10:04  Refinery  
  51  10:08  SCV  
  51  10:11  Marine  
  51  10:12  Marine x3, Command Center  
  51  10:13  SCV  
  59  10:14  Marauder  
  59  10:15  Marauder  
  59  10:20  Medivac x2, SCV  
  66  10:22  Armory  
  66  10:25  SCV  
  67  10:29  Marine x4  
  67  10:32  SCV  
  67  10:34  Siege Tank  
  77  10:35  Marauder  
  77  10:36  Marauder  
  79  10:47  Marine x4  
  81  10:50  Medivac x2  
  81  10:52  Missile Turret  
  85  10:59  Missile Turret  
  85  11:02  Marauder x2  
  89  11:20  Medivac  
  89  11:24  Marauder x2  
  95  12:04  Orbital Command  
  95  12:06  Orbital Command  
  95  12:10  SCV x2  
  97  12:22  SCV x2  
  99  12:29  Marine  
  100  12:30  Marine x5  
  100  12:34  SCV x2  
  107  12:45  Refinery  
  65  13:57  Marine  
  65  13:58  Marine x3  
  65  13:59  Marine  
  65  14:00  Marine  
  65  14:01  Medivac x2  
  65  14:02  Terran Infantry Weapons Level 2  
  75  14:03  Terran Infantry Armor Level 2  
  75  14:05  Command Center  
  75  14:15  Marine, Refinery  
  75  14:16  Marine x3  
  79  14:17  Marine x2  
  81  14:31  Medivac x2  
  85  14:33  Marine  
  85  14:34  Marine x3  
  85  14:35  Marine x2  
  91  14:41  Cyclone  
  95  14:50  SCV x4  
  95  14:51  Marine x3  
  95  14:52  Marine  
  103  14:53  Marine x2  
  105  15:02  SCV x2  
  107  15:09  Marine x4  
  107  15:10  Marine  
  107  15:11  Marine  
  107  15:13  Cyclone, Mag-Field Accelerator  
  117  15:15  Medivac x2  
  121  15:27  Marine x4  
  125  15:28  Marine  
  125  15:29  Marine  
  127  15:37  Orbital Command  
  127  15:41  Refinery  
  127  15:42  Refinery  
  127  15:44  Marine  
  127  15:45  Cyclone, Marine x3, Medivac x2  
  127  15:46  Marine  
  127  15:47  Marine  
  141  16:03  Marine x4  
  141  16:04  Marine x2  
  147  16:15  Medivac x2  
  147  16:17  Cyclone  
  155  16:21  Marine x2  
  157  16:32  Terran Infantry Armor Level 3  
  83  17:50  Marine  
  83  17:51  Marine x5  
  87  17:52  Thor  
  93  18:08  Marine x6  
  93  18:09  Factory  
  99  18:14  Factory  
  99  18:17  Ghost Academy  
  97  18:26  Marine x6  
  87  18:35  Thor  
  83  18:43  Marine  
  83  18:44  Marine x5  
  71  18:58  Medivac  
  71  18:59  Medivac  
  71  19:02  Marine x2  
  77  19:17  Orbital Command  
  77  19:20  SCV x3  
  77  19:21  SCV  
  81  19:28  Medivac  
  81  19:29  Medivac  
  85  19:34  Thor  
  85  19:36  Factory Tech Lab x2  
  85  19:37  Nuke  
  91  19:52  Ghost Academy  
  91  19:54  Refinery  
  91  19:56  Refinery  
  91  19:58  Medivac  
  91  19:59  Medivac  
  95  20:06  Marine  
  96  20:07  Marine x5  
  96  20:11  Thor  
  96  20:12  Thor  
  113  20:22  Terran Ship Weapons Level 1  
  113  20:24  Marine  
  113  20:25  Marine  
  113  20:26  Nuke, Armory  
  115  20:32  Marine x4, Medivac x2  
  123  20:35  Supply Depot  
  123  20:41  Supply Depot  
  123  20:42  Marine x2  
  122  20:50  Marine  
  123  20:57  Marine x2, Thor  
  123  21:01  Marine x2, Engineering Bay, Thor  
  123  21:02  Marine, Medivac x2  
  144  21:07  Marine  
  144  21:08  Supply Depot  
  145  21:15  Marine x2  
  145  21:16  Thor  
  141  21:19  Marine  
  141  21:25  Marine  
  142  21:32  Medivac x2  
  147  21:36  Marine  
  148  21:40  Thor  
  154  21:50  Thor  
  154  21:52  Supply Depot x2  
  160  21:59  Thor  
  160  22:01  Terran Vehicle And Ship Armor Level 1  
  166  22:02  Armory  
  166  22:04  Personal Cloaking  
  166  22:06  Ghost x2  
  170  22:18  Terran Ship Weapons Level 2  
  170  22:22  Thor  
  170  22:26  Supply Depot  
  176  22:33  Thor  
  176  22:34  Ghost  
  176  22:35  Ghost  
  186  22:47  Thor  
  192  22:59  Starport  
  192  23:03  Ghost  
  194  23:13  Starport, Thor  
  200  23:54  Ghost Academy  
  200  23:56  Starport Tech Lab x3  
  200  23:57  Ghost Academy  
  200  23:59  Terran Vehicle And Ship Armor Level 2, Terran Vehicle Weapons Level 1  
  200  24:15  Ghost  
  61  25:26  Thor  
  61  25:27  Thor x2  
  73  25:46  Nuke  
  73  25:48  Nuke x2  
  54  26:09  Thor x2  
  54  26:10  Thor  
  72  26:31  Ghost  
  67  26:52  Thor x3  
  73  27:27  Banshee  
  73  27:28  Banshee x2  
  82  27:47  Command Center  
Show
View Real Time Build Order
Export as new Build Order

BAITme Terran 

Build Orders:  

Get SALT Encoding   

  12  0:02  SCV  
  13  0:14  SCV  
  13  0:20  Supply Depot  
  14  0:26  SCV  
  15  0:42  SCV  
  16  0:44  Barracks  
  16  0:54  SCV  
  17  1:04  Refinery  
  17  1:07  Refinery  
  17  1:08  SCV  
  18  1:31  Supply Depot, SCV  
  19  1:50  Engineering Bay  
  19  1:52  SCV  
  20  2:01  Factory  
  20  2:04  SCV  
  21  2:10  Barracks Tech Lab  
  21  2:16  SCV  
  22  2:25  Factory  
  22  2:31  Marine  
  22  2:36  Stimpack  
  23  2:49  Marine  
  24  3:07  Marine  
  25  3:14  Factory Tech Lab x2  
  25  3:25  Marine  
  26  3:41  Siege Tank  
  29  3:42  Marine  
  29  3:47  Supply Depot  
  30  3:50  Supply Depot  
  30  4:08  Siege Tank  
  33  4:13  Siege Tank  
  36  4:27  Orbital Command  
  36  4:33  Supply Depot  
  36  4:35  Supply Depot  
  36  4:42  Siege Tank  
  39  5:02  Starport  
  39  5:05  Starport  
  39  5:39  Marine  
  40  5:43  Starport Tech Lab x2  
  40  5:55  Armory  
  40  5:57  Marine  
  41  6:14  Marine  
  42  6:32  Marine  
  43  6:41  Siege Tank  
  43  6:42  Siege Tank  
  49  6:50  Marine  
  50  6:55  Viking x2  
  54  7:25  Viking  
  56  7:40  Terran Vehicle Weapons Level 1  
  56  7:45  Terran Infantry Weapons Level 1  
  56  8:02  Viking  
  58  8:11  Viking  
  60  8:20  Missile Turret  
  60  8:44  Missile Turret  
  60  8:57  Viking  
  62  9:03  Supply Depot  
  62  9:06  Missile Turret  
  62  9:18  Viking  
  63  9:25  Supply Depot  
  63  9:27  Viking  
  57  9:35  Terran Vehicle And Ship Armor Level 1  
  57  10:03  Siege Tank  
  57  10:04  Siege Tank  
  63  10:36  Siege Tank  
  60  11:24  Siege Tank x2  
  66  11:28  Banshee x2  
  72  11:34  Marine  
  69  11:52  Marine  
  68  12:09  Marine  
  68  12:11  Command Center  
  69  12:27  Marine  
  70  12:45  Marine  
  70  12:48  Hellion x2  
  75  12:51  Banshee  
  78  13:22  Hellion x2, Banshee  
  78  13:26  Supply Depot  
  65  13:44  Hellion x2  
  69  13:50  Planetary Fortress  
  69  14:05  Hellion x2  
  73  14:16  Refinery  
  73  14:19  Refinery  
  73  14:23  Bunker  
  73  14:27  Hellion x2, Bunker  
  77  14:37  Supply Depot  
  77  14:42  Supply Depot  
  77  14:49  Supply Depot  
  77  15:01  Marine  
  78  15:19  Marine  
  79  15:37  Marine  
  80  15:54  Marine  
  81  16:09  Terran Vehicle Weapons Level 2  
  81  16:29  Viking x2  
  85  16:39  Hellion x2  
  89  16:59  Viking x2  
  82  18:00  Viking  
  82  18:01  Viking  
  86  18:24  Terran Vehicle And Ship Armor Level 2  
  46  19:03  Hellion  
  46  19:04  Hellion  
  50  19:12  Banshee x2  
  56  19:24  Bunker  
  56  19:25  Hellion x2  
  56  19:27  Marine  
  61  19:45  Marine  
  62  19:46  Hellion x2  
  66  19:55  Banshee x2  
  72  20:02  Marine  
  73  20:07  Hellion  
  73  20:08  Hellion  
  77  20:20  Marine  
  78  20:29  Hellion x2  
  82  20:41  Terran Ship Weapons Level 1  
  82  20:50  Hellion  
  84  21:04  Siege Tank  
  87  21:08  Banshee x2  
  93  21:11  Siege Tank  
  73  21:36  Siege Tank  
  76  21:43  Siege Tank  
  79  21:51  Banshee x2  
  85  22:08  Siege Tank  
  88  22:15  Siege Tank  
  91  22:33  Banshee x2  
  97  22:40  Missile Turret  
  97  23:00  Missile Turret  
  97  23:16  Viking x2  
  101  23:21  Missile Turret  
  101  23:25  Cloaking Field  
  101  23:50  Missile Turret  
  101  24:11  Missile Turret  
  101  24:32  Missile Turret  
  53  25:04  Siege Tank x2  
  59  25:07  Banshee x2  
  59  25:36  Siege Tank  
  59  25:37  Siege Tank  
  65  26:10  Siege Tank x2  
  54  28:16  Viking x2  
  54  28:19  Siege Tank x2  
Tags
 
Add a new tag
Caveats
  • Supply blocks, unpowered buildings, or Contaminate may cause inaccurate times.
  • Supply counts are checked every 10 seconds.